 Dungeon Crawl Stone Soup version 0.23.0 (webtiles) character file.

Game seed: 9273670858221984220

628009 Laan the Executioner (level 27, -5/204 HPs)
             Began as a Gargoyle Fighter on Feb 10, 2019.
             Was the Champion of the Shining One.
             Killed from afar by a Hell Sentinel (47 damage)
             ... with an iron shot
             ... created by the effects of Hell
             ... on level 3 of the Iron City of Dis.
             The game lasted 02:14:58 (50803 turns).

Laan the Executioner (Gargoyle Fighter)            Turns: 50803, Time: 02:14:59

Health: -5/204     AC: 63    Str: 30    XL:     27
Magic:  36/36      EV:  7    Int: 12    God:    the Shining One [******]
Gold:   4943       SH: 40    Dex:  9    Spells: 26/26 levels left

rFire    + + .     SeeInvis .   a - +9 broad axe (holy)
rCold    + + +     Gourm    .   X - +8 large shield {reflect}
rNeg     + + +     Faith    .   n - +7 gold dragon scales
rPois    ∞         Spirit   .   l - +1 hat {MR+}
rElec    +         Reflect  +   t - +1 cloak "Bekhemn" {rC++}
rCorr    .         Harm     .   R - +2 pair of gloves of Neazxet {Slay+3}
MR       +++..                  Y - +1 pair of boots {Fly}
Stlth    ..........             j - +6 amulet of reflection
HPRegen  0.44/turn              F - ring of protection from fire
MPRegen  0.25/turn              N - +3 ring of slaying

@: flying, glowing, studying Evocations
A: big wings, negative energy resistance 1, robust 1, electricity resistance,
unbreathing, petrification resistance, rot immunity, AC +20
}: 3/15 runes: decaying, serpentine, silver
a: Stop Flying, Divine Shield, Cleansing Flame, Summon Divine Warrior, Renounce
Religion


You were on level 3 of the Iron City of Dis.
You worshipped the Shining One.
The Shining One was exalted by your worship.
You were not hungry.

You visited 11 branches of the dungeon, and saw 49 of its levels.
You visited the Abyss 1 time.
You also visited: Bailey.

You collected 7586 gold pieces.
You spent 2643 gold pieces at shops.

Inventory:

Hand Weapons
 a - a +9 broad axe of holy wrath (weapon)
 b - a +4 war axe of flaming
Missiles
 w - 2 tomahawks of returning (quivered)
Armour
 l - a +1 hat of magic resistance (worn)
 n - +7 gold dragon scales (worn)
 t - the +1 cloak "Bekhemn" (worn) {rC++}
   (You found it on level 1 of the Depths)

   It greatly protects you from cold.
 I - a scarf of repulsion
 R - the +2 pair of gloves of Neazxet (worn) {Slay+3}
   (You found it on level 1 of the Swamp)

   It affects your accuracy and damage with ranged weapons and melee attacks
   (+3).
 S - a scarf of cloud immunity
 X - a +8 large shield of reflection (worn)
 Y - a +1 pair of boots of flying (worn)
Jewellery
 j - a +6 amulet of reflection (around neck)
 y - an uncursed amulet of regeneration
 F - a ring of protection from fire (left hand)
 G - a +4 ring of evasion
 L - an uncursed ring of resist corrosion
 N - a +3 ring of slaying (right hand)
 Q - an uncursed ring of magical power
 U - an uncursed ring of wizardry
Wands
 c - a wand of disintegration (36)
 A - a wand of scattershot (12)
 H - a wand of iceblast (10)
 M - a wand of acid (54)
 O - a wand of digging (15)
 V - a wand of flame (87)
Scrolls
 d - 21 scrolls of remove curse
 k - 6 scrolls of magic mapping
 o - 6 scrolls of immolation
 p - 19 scrolls of teleportation
 r - 4 scrolls of blinking
 B - 14 scrolls of identify
 D - a scroll of enchant weapon
 E - 3 scrolls of holy word
Potions
 e - 5 potions of berserk rage
 g - 2 potions of ambrosia
 m - 24 potions of curing
 q - 2 potions of mutation
 u - 4 potions of agility
 z - 10 potions of haste
 C - 2 potions of cancellation
 J - 14 potions of lignification
 K - 4 potions of resistance
 W - 8 potions of heal wounds
Books
 T - a manual of Evocations
Comestibles
 f - 69 rations


   Skills:
 + Level 22.5 Fighting
 - Level 25.9 Axes
 + Level 22.4 Armour
 + Level 23.5 Shields
 + Level 19.4 Invocations


You had 26 spell levels left.
You didn't know any spells.
Your spell library contained the following spells:

 Spells                   Type           Power        Failure   Level  Hunger
 Animate Skeleton         Necr           N/A          97%         1    ##.....
 Apportation              Tloc           #.....       97%         1    ##.....
 Beastly Appendage        Tmut           #.....       97%         1    ##.....
 Confusing Touch          Hex            #.....       97%         1    ##.....
 Flame Tongue             Conj/Fire      #....        97%         1    ##.....
 Freeze                   Ice            #...         97%         1    ##.....
 Infusion                 Chrm           #...         97%         1    ##.....
 Magic Dart               Conj           #...         97%         1    ##.....
 Pain                     Necr           #...         97%         1    ##.....
 Shock                    Conj/Air       #...         97%         1    ##.....
 Sting                    Conj/Pois      #...         97%         1    ##.....
 Summon Butterflies       Summ           #.......     97%         1    ##.....
 Summon Small Mammal      Summ           #...         97%         1    ##.....
 Blink                    Tloc           N/A          99%         2    ###....
 Call Imp                 Summ           #.......     99%         2    ###....
 Corpse Rot               Necr           N/A          99%         2    ###....
 Ensorcelled Hibernation  Hex/Ice        #.....       99%         2    ###....
 Passwall                 Tmut/Erth      #.......     99%         2    ###....
 Poisonous Vapours        Pois/Air       #.....       99%         2    ###....
 Slow                     Hex            #.......     99%         2    ###....
 Song of Slaying          Chrm           #.......     99%         2    ###....
 Sticks to Snakes         Tmut           #.......     99%         2    ###....
 Swiftness                Chrm/Air       #.......     99%         2    ###....
 Throw Flame              Conj/Fire      #.....       99%         2    ###....
 Throw Frost              Conj/Ice       #.....       99%         2    ###....
 Call Canine Familiar     Summ           #.......     100%        3    ####...
 Confuse                  Hex            #.......     100%        3    ####...
 Conjure Flame            Conj/Fire      #.......     100%        3    ####...
 Gell's Gravitas          Tloc           #.........   100%        3    ####...
 Inner Flame              Hex/Fire       #.......     100%        3    ####...
 Lesser Beckoning         Tloc           #.........   100%        3    ####...
 Mephitic Cloud           Conj/Pois/Air  #.......     100%        3    ####...
 Ozocubu's Armour         Chrm/Ice       #.......     100%        3    ####...
 Portal Projectile        Hex/Tloc       #.....       100%        3    ####...
 Recall                   Summ/Tloc      N/A          100%        3    ####...
 Regeneration             Chrm/Necr      #.........   100%        3    ####...
 Spider Form              Tmut/Pois      #.........   100%        3    ####...
 Summon Guardian Golem    Hex/Summ       #.......     100%        3    ####...
 Tukima's Dance           Hex            #.......     100%        3    ####...
 Vampiric Draining        Necr           #.........   100%        3    ####...
 Animate Dead             Necr           N/A          100%        4    #####..
 Cause Fear               Hex            #.........   100%        4    #####..
 Force Lance              Conj/Tloc      #.......     100%        4    #####..
 Ice Form                 Ice/Tmut       #.......     100%        4    #####..
 Leda's Liquefaction      Hex/Erth       #.........   100%        4    #####..
 Olgreb's Toxic Radiance  Pois           #.......     100%        4    #####..
 Passage of Golubria      Tloc           N/A          100%        4    #####..
 Petrify                  Tmut/Erth      #.......     100%        4    #####..
 Sticky Flame             Conj/Fire      #.......     100%        4    #####..
 Summon Ice Beast         Ice/Summ       #.......     100%        4    #####..
 Summon Lightning Spire   Summ/Air       #.......     100%        4    #####..
 Throw Icicle             Conj/Ice       #.......     100%        4    #####..
 Agony                    Necr           #.......     100%        5    ######.
 Alistair's Intoxication  Tmut/Pois      #.......     100%        5    ######.
 Aura of Abjuration       Summ           #.........   100%        5    ######.
 Blade Hands              Tmut           #.........   100%        5    ######.
 Bolt of Draining         Conj/Necr      #.........   100%        5    ######.
 Borgnjor's Vile Clutch   Necr/Erth      #.........   100%        5    ######.
 Dispel Undead            Necr           #.......     100%        5    ######.
 Excruciating Wounds      Chrm/Necr      #.........   100%        5    ######.
 Fireball                 Conj/Fire      #.........   100%        5    ######.
 Lee's Rapid Deconstruct  Erth           #.........   100%        5    ######.
 Metabolic Englaciation   Hex/Ice        #.........   100%        5    ######.
 Silence                  Hex/Air        #.........   100%        5    ######.
 Summon Demon             Summ           #.........   100%        5    ######.
 Summon Forest            Summ/Tloc      #.........   100%        5    ######.
 Summon Mana Viper        Hex/Summ       #.......     100%        5    ######.
 Venom Bolt               Conj/Pois      #.........   100%        5    ######.
 Yara's Violent Unravell  Hex/Tmut       #.........   100%        5    ######.
 Bolt of Fire             Conj/Fire      #.........   100%        6    #######
 Darkness                 Hex            #.........   100%        6    #######
 Death Channel            Necr           #.........   100%        6    #######
 Deflect Missiles         Chrm/Air       #.........   100%        6    #######
 Dispersal                Tloc           #.........   100%        6    #######
 Invisibility             Hex            #.......     100%        6    #######
 Shadow Creatures         Summ           N/A          100%        6    #######
 Simulacrum               Ice/Necr       #.........   100%        6    #######
 Dragon Form              Tmut           #.........   100%        7    #######
 Haunt                    Necr/Summ      #.........   100%        7    #######
 Malign Gateway           Summ/Tloc      #.........   100%        7    #######
 Ring of Flames           Chrm/Fire      #.........   100%        7    #######
 Borgnjor's Revivificati  Necr           #.........   100%        8    #######
 Controlled Blink         Tloc           N/A          100%        8    #######
 Death's Door             Chrm/Necr      #.........   100%        8    #######
 Discord                  Hex            #.........   100%        8    #######
 Disjunction              Tloc           #.........   100%        8    #######
 Infestation              Necr           #.........   100%        8    #######
 Necromutation            Tmut/Necr      #.........   100%        8    #######
 Dragon's Call            Summ           #.........   100%        9    #######
 Sublimation of Blood     Necr           Unusable     N/A         2    N/A

Dungeon Overview and Level Annotations

Branches:
Dungeon (15/15)            Temple (1/1) D:6            Lair (6/6) D:11
  Swamp (4/4) Lair:2        Snake (4/4) Lair:2        Slime (0/5) Lair:6
    Orc (2/2) D:12            Elf (0/3) Orc:2        Vaults (5/5) D:14
  Crypt (3/3) Vaults:3       Tomb (0/3) Crypt:3      Depths (5/5) D:15
   Hell (1/1)                 Dis (3/7) Hell            Geh (0/7) Hell
    Coc (0/7) Hell            Tar (0/7) Hell            Zot (0/5) Depths:5

Altars:
Dithmenos
Elyvilon
Fedhas
Gozag
Hepliaklqana
Makhleb
Nemelex Xobeh
Qazlal
Ru
Sif Muna
Uskayaw
Vehumet
Wu Jian
Xom
Yredelemnul
Zin
The Shining One
Beogh
Jiyva

Shops:
Orc:2 %%*[   Snake:2 *   Snake:3 %}%[   Vaults:1 [   Vaults:3 :

Portals:
Hell: Depths:1 Depths:2 Depths:3 Depths:4 Depths:5
Abyss: Depths:4 Depths:5
Pandemonium: Depths:3 Depths:4
Ziggurat: Depths:1
Trove: D:14 (give 2 scrolls of acquirement)

Annotations:
D:3 1 runed translucent door
D:6 exclusion: door
D:7 2 runed translucent doors, endorz's ghost, novice GrFi
D:9 3 runed translucent doors, endorz's ghost, novice GrFi
D:10 2 runed translucent doors
D:15 exclusion: Roxanne, Roxanne
Swamp:2 1 runed translucent door


Innate Abilities, Weirdness & Mutations

You are resistant to torment.
Your stone body is resilient. (AC +20)
You are immune to poison.
Your large and strong wings let you fly indefinitely.
You resist negative energy. (rN+)
You are resistant to electric shocks. (rElec)
You can survive without breathing.
You are immune to petrification.
You are immune to rotting.
You are robust. (+10% HP)


Message History

The sphere of damnation explodes!
The damnation engulfs you!!!
* * * LOW HITPOINT WARNING * * *
The damnation engulfs your daeva!!
Your daeva dies!
The damnation engulfs the Hell Sentinel.
The Hell Sentinel completely resists.
You hit the Hell Sentinel but do no damage.
The Hell Sentinel is almost dead.
You block the Hell Sentinel's attack. The Hell Sentinel hits you.
* * * LOW HITPOINT WARNING * * *
You hit the Hell Sentinel.
The Hell Sentinel convulses.
The Hell Sentinel is almost dead.
You block the Hell Sentinel's attack. x2
You hit the Hell Sentinel.
The Hell Sentinel convulses.
The Hell Sentinel is almost dead.
You hit the Hell Sentinel but do no damage.
The Hell Sentinel is almost dead.
The Hell Sentinel gestures at you. The iron shot hits you!!!
You die...

...######)#######'###...........#
...#...........#....#...........#
...#...........#....#...........#
...#...........#....#...........#
...#...........#....#...........#
...#...........#....#...........#
...#^.#######################...#
...#####8# #.#.. #...# ......##.#
#@#.# ##### ......##.# #1#.#
......##.###'#+#'#°#'##..
......#...'.))).).....'..
......'...'.....8.....'.8
......#...'...........'..
########.###+#'#'#'#'##..
......##.# #.#.#.#..# .
......##.# #.#.#.# ##


You could see a Hell Sentinel.

Vanquished Creatures
  Mara (Crypt:1)
  7 greater mummies (Dis:3)
  the Lernaean hydra (Swamp:4)
  Geryon (Hell)
  Saint Roka (Snake:2)
  4 caustic shrikes
  Jory (Crypt:1)
  A profane servitor (Crypt:3)
  6 golden dragons
  2 bone dragons
  A hellephant (Hell)
  The ghost of Infinimo the Shatterer, an adept GrBe of Trog (Vaults:2)
  8 liches
  6 tentacled monstrosities
  An Ice Fiend (Dis:3)
  A Hell Sentinel (Dis:3)
  3 titans
  6 quicksilver dragons
  7 sphinxes
  An Executioner (Dis:1)
  4 ancient champions
  Kirke (Snake:2)
  2 storm dragons (shapeshifter) (Depths:3)
  5 thorn hunters
  13 tengu reavers
  8 storm dragons
  4 shadow dragons
  19 nagarajas
  12 frost giants
  5 revenants
  4 iron dragons
  5 deep elf sorcerers
  A draconian knight (Depths:5)
  9 fire giants
  The ghost of Fashaeth the Severer, an adept VSFi of Okawaru (Lair:6)
  2 ghost moths (shapeshifter)
  Louise (Swamp:2)
  25 vault wardens
  3 deep elf elementalists
  3 balrugs
  3 orc warlords (Vaults:2)
  2 ghost moths (Depths:3)
  The ghost of lyphon the Severer, a journeyman HOFi of Beogh (D:14)
  2 draconian annihilators (Depths:5)
  9 ironheart preservers
  23 reapers
  3 ghouls
  A spriggan defender (Depths:5)
  14 vampire knights
  An entropy weaver (shapeshifter) (Depths:3)
  5 war gargoyles
  17 stone giants
  32 very ugly things
  4 deep elf demonologists
  Azrael (D:12)
  4 spark wasps
  A black draconian (Depths:5)
  A purple draconian (Depths:5)
  11 deep elf annihilators
  2 yellow draconians (Depths:5)
  6 dire elephants (Lair:6)
  3 blizzard demons
  3 lorocyprocas
  2 red draconians (Depths:5)
  2 eidola
  A quicksilver dragon zombie (Dis:3)
  5 deep elf death magi
  13 ettins
  28 jiangshi
  4 small abominations
  6 yaktaur captains
  2 crystal guardians (Depths:3)
  6 fire dragons
  An ice dragon (shapeshifter) (Depths:3)
  4 deep elf high priests
  A great orb of eyes (shapeshifter) (Depths:5)
  6 great orbs of eyes
  11 ogre magi
  7 spriggan air magi
  13 naga warriors
  10 ice dragons
  A shambling mangrove (Swamp:1)
  4 rakshasas
  41 vault guards
  6 anacondas
  A ghost crab (Swamp:3)
  9 centaur warriors
  28 hydras
  An alligator (shapeshifter) (Depths:4)
  16 death yaks
  12 alligators
  7 death knights
  40 two-headed ogres
  4 deep troll shamans
  3 tengu warriors
  8 deep troll earth magi
  14 naga sharpshooters
  11 orc high priests
  4 dancing weapons
  6 titan zombies
  A shock serpent (shapeshifter) (Vaults:5)
  Urug (Lair:6)
  3 iron golems
  4 spriggan berserkers
  5 shock serpents
  11 soul eaters
  11 vampire magi
  9 sun demons (Hell)
  4 spriggans
  47 skeletal warriors
  5 deep elf knights
  A fire crab (shapeshifter) (Depths:3)
  7 salamander mystics
  2 anaconda zombies
  5 shadow wraiths
  A golden dragon zombie (Hell)
  A spriggan druid (Swamp:3)
  19 hell knights
  22 deep trolls
  A spectral iron dragon (Crypt:3)
  7 unseen horrors
  8 flayed ghosts
  A glowing orange brain (Depths:2)
  A spectral anaconda (Crypt:3)
  A ghost moth zombie (Dis:1)
  A shadow dragon zombie (Dis:3)
  2 swamp dragons (shapeshifter)
  19 phantasmal warriors
  A lindwurm (Lair:3)
  12 swamp dragons
  2 anaconda skeletons
  2 tengu zombies
  23 ironbrand convokers
  9 naga ritualists
  4 deep elf archers
  18 orc knights
  A lindwurm (shapeshifter) (Vaults:5)
  A harpy (shapeshifter) (D:13)
  6 wizards
  6 mana vipers
  3 harpies (Vaults:1)
  5 fire giant zombies
  A mana viper (shapeshifter) (Depths:3)
  54 ugly things
  8 necromancers
  2 wolf spider zombies
  A wolf spider (Vaults:2)
  5 stone giant zombies
  A wolf spider (shapeshifter) (Vaults:5)
  2 frost giant zombies
  3 orc sorcerers
  2 manticores
  2 human zombies
  6 cyclopes
  10 deep elf magi
  6 salamanders
  A manticore (shapeshifter) (Vaults:5)
  A sphinx skeleton (Vaults:2)
  3 human skeletons
  7 guardian serpents
  An ice statue (Hell)
  A fire giant skeleton (Vaults:2)
  Joseph (D:7)
  2 iron dragon skeletons
  16 naga magi
  A frost giant skeleton (Hell)
  24 rust devils
  26 vault sentinels
  A stone giant skeleton (Hell)
  35 black mambas
  A black mamba (shapeshifter) (Vaults:2)
  3 gargoyles
  8 elephants
  19 spiny frogs
  3 yaktaur zombies
  2 spriggan zombies (Hell)
  A smoke demon (Hell)
  5 hellions
  A yellow draconian zombie (Crypt:1)
  8 centaur skeletons
  5 kobold demonologists
  31 yaktaurs
  12 tormentors
  14 komodo dragons
  A black draconian skeleton (Crypt:2)
  5 ice devils
  5 efreet
  6 rime drakes
  A redback zombie (D:15)
  3 hellwings (Depths:1)
  18 freezing wraiths
  2 guardian mummies (Dis:3)
  4 tengu conjurers
  2 demonic crawlers (Hell)
  A catoblepas skeleton (Dis:1)
  3 meliai (D:15)
  A queen bee (D:15)
  A shadow dragon simulacrum (Vaults:3)
  15 red devils
  4 hydra zombies
  A hornet (shapeshifter) (Depths:1)
  12 trolls
  6 large abominations
  7 tyrant leeches
  10 hornets
  3 polar bears
  A raiju (shapeshifter) (D:15)
  2 dream sheep (D:10)
  58 slime creatures
  7 blink frogs
  11 hippogriffs
  A meliai zombie (D:15)
  13 bog bodies
  2 hydra skeletons
  3 ice dragon zombies
  A hippogriff (shapeshifter) (Vaults:5)
  2 alligator zombies
  2 alligator skeletons
  61 flying skulls
  A fire dragon zombie (Hell)
  5 water elementals
  3 ettin zombies
  19 shadows
  A vampire (D:12)
  18 wraiths
  A tarantella (shapeshifter) (Vaults:4)
  6 centaur simulacra (D:14)
  72 yaks
  A black mamba zombie (Dis:1)
  A yak (shapeshifter) (Vaults:5)
  4 basilisks
  2 fire bats (Depths:1)
  5 wyverns
  A dire elephant simulacrum (Hell)
  A golden eye (shapeshifter) (D:15)
  5 hogs (Snake:2)
  12 fire elementals
  A human (D:14)
  A black mamba skeleton (Dis:3)
  A chaos spawn (Vaults:5)
  2 hungry ghosts
  2 steam dragons
  11 vampire mosquitoes
  A neqoxec (Abyss:3)
  A human simulacrum (Vaults:1)
  18 swamp worms
  A swamp worm (shapeshifter) (Vaults:5)
  4 insubstantial wisps (Swamp:3)
  48 nagas
  A soldier ant (shapeshifter) (Vaults:3)
  10 wargs
  A merfolk zombie (Dis:1)
  An acid dragon (D:14)
  A glowing shapeshifter zombie (Crypt:1)
  A deep troll zombie (Vaults:3)
  A gelid demonspawn zombie (Crypt:1)
  2 soldier ants
  A spiny frog zombie (Hell)
  22 hell hounds
  4 ice beasts
  12 porcupines
  A water nymph skeleton (Crypt:2)
  3 spiny frog skeletons (Hell)
  17 water moccasins
  A faun skeleton (Crypt:1)
  A floating eye (shapeshifter) (Vaults:5)
  16 swamp drakes
  3 black bears
  2 eyes of draining
  7 sky beasts
  A swamp dragon zombie (Dis:2)
  7 snapping turtle zombies
  50 orc warriors
  The ghost of Stone the Slasher, an amateur NaGl (D:3)
  8 necrophages
  3 phantoms
  8 boggarts
  An eye of draining (shapeshifter) (Depths:2)
  An ogre (shapeshifter) (Vaults:5)
  18 wolves
  9 centaurs
  2 orc skeletons
  25 ogres
  26 crocodiles
  8 big kobolds
  A gnoll sergeant (D:10)
  Blork the orc (D:6)
  24 bullfrogs
  A salamander zombie (Crypt:2)
  A wyvern zombie (D:9)
  A water moccasin zombie (D:8)
  A hornet simulacrum (D:14)
  7 scorpions
  A queen bee zombie (Crypt:2)
  21 killer bees (D:15)
  An orc simulacrum (Vaults:2)
  59 wights
  5 electric eels
  11 crimson imps
  5 centaur zombies
  2 bullfrog zombies
  A wyvern simulacrum (D:14)
  8 hounds
  2 bullfrog skeletons
  5 jellies
  38 orc priests
  21 iron imps
  A demonspawn skeleton (Crypt:1)
  Jessica (D:2)
  6 iguanas
  24 orc wizards
  11 worker ants
  6 hell rats (Hell)
  3 killer bee zombies
  2 mummies (Dis:3)
  2 hound skeletons
  A howler monkey zombie (Crypt:1)
  A worker ant zombie (D:8)
  11 gnolls
  2 howler monkey skeletons
  16 adders
  A steam dragon skeleton (Crypt:1)
  6 shadow imps
  13 white imps
  An ooze (D:6)
  A halfling zombie (Crypt:2)
  3 adder skeletons
  6 worms
  A worm (shapeshifter) (Vaults:4)
  2 dart slugs
  11 leopard geckos
  119 orcs
  6 giant cockroaches
  11 goblins
  13 hobgoblins
  7 jackals
  20 kobolds
  4 quokkas
  3 ball pythons
  4 bats
  13 frilled lizards
  A giant cockroach zombie (D:6)
  A goblin skeleton (Crypt:1)
  A kobold skeleton (Crypt:2)
  2 leopard gecko skeletons (D:4)
  A quokka skeleton (Crypt:2)
  4 rats
  8 briar patches
  6 crawling corpses
  4 fungi
  7 plants
2687 creatures vanquished.

Vanquished Creatures (collateral kills)
  A mummy priest (Dis:3)
  An ettin skeleton (Dis:3)
  A wyvern (Lair:2)
  A fungus (Lair:2)
4 creatures vanquished.

Vanquished Creatures (others)
  Vashnia (Snake:2)
  A shadow dragon (Depths:5)
  A nagaraja (Snake:4)
  A vault warden (Vaults:5)
  A fire giant (Vaults:5)
  A stone giant (Vaults:2)
  A deep elf annihilator (Depths:3)
  8 yaktaur captains
  2 centaur warriors
  2 naga sharpshooters (Snake:2)
  2 cyclopes
  A naga mage (Snake:4)
  A guardian mummy (Dis:3)
  13 yaktaurs
  A yak (Lair:3)
  A shadow (Dis:1)
  A human (Snake:2)
  A vampire mosquito (Swamp:3)
  2 nagas (Snake:4)
  12 centaurs
  A tengu zombie (Hell)
  An orc (D:6)
  A kobold (D:13)
  3 briar patches
  14 fungi
  19 plants
93 creatures vanquished.

Grand Total: 2784 creatures vanquished

Notes
Turn   | Place    | Note
-------+----------+-------------------------------------------
     0 | D:1      | Laan the Gargoyle Fighter began the quest for the Orb.
     0 | D:1      | Reached XP level 1. HP: 14/14 MP: 1/1
   264 | D:1      | Reached skill level 2 in Axes
   291 | D:1      | Reached XP level 2. HP: 19/19 MP: 2/2
   704 | D:2      | Noticed Jessica
   708 | D:2      | Killed Jessica
   708 | D:2      | Reached XP level 3. HP: 17/23 MP: 3/3
  1109 | D:2      | Reached XP level 4. HP: 28/29 MP: 4/4
  1200 | D:3      | Found a runed translucent door.
  1205 | D:3      | Noticed Stone's ghost (amateur NaGl)
  1219 | D:3      | Killed Stone's ghost
  1219 | D:3      | Reached skill level 3 in Axes
  1219 | D:3      | Reached XP level 5. HP: 28/33 MP: 5/5
  1233 | D:3      | Found a runed translucent door.
  1296 | D:3      | Found a basalt altar of Yredelemnul.
  1438 | D:3      | Found a stormy altar of Qazlal.
  2079 | D:3      | Found a blossoming altar of Fedhas.
  2224 | D:4      | Found an opulent altar of Gozag.
  2238 | D:4      | Reached XP level 6. HP: 36/39 MP: 6/6
  2510 | D:4      | Reached skill level 4 in Axes
  2797 | D:4      | Found a shimmering altar of Xom.
  2824 | D:5      | Entered Level 5 of the Dungeon
  2958 | D:5      | Found a sacrificial altar of Ru.
  2992 | D:5      | Reached XP level 7. HP: 44/44 MP: 7/7
  3062 | D:5      | Found an ornate altar of the Wu Jian Council.
  3130 | D:5      | Reached skill level 5 in Armour
  3133 | D:5      | Reached skill level 5 in Fighting
  3135 | D:5      | Reached skill level 5 in Shields
  3314 | D:5      | Found a shadowy altar of Dithmenos.
  3404 | D:6      | Reached skill level 5 in Axes
  3407 | D:6      | Reached XP level 8. HP: 35/50 MP: 8/8
  3500 | D:6      | Found an opulent altar of Gozag.
  3772 | D:6      | Reached skill level 6 in Axes
  4042 | D:6      | Reached XP level 9. HP: 34/56 MP: 9/9
  4615 | D:6      | Noticed Blork the orc
  4618 | D:6      | Killed Blork the orc
  4618 | D:6      | Reached skill level 7 in Axes
  4695 | D:6      | Found a staircase to the Ecumenical Temple.
  4706 | Temple   | Entered the Ecumenical Temple
  4729 | Temple   | Became a worshipper of the Shining One
  5343 | D:7      | Found a radiant altar of Vehumet.
  5637 | D:7      | Reached skill level 8 in Axes
  5872 | D:7      | Reached XP level 10. HP: 63/63 MP: 10/10
  5878 | D:7      | Noticed Joseph
  5894 | D:7      | Killed Joseph
  6008 | D:7      | Found a large runed translucent door.
  6008 | D:7      | Found a large runed translucent door.
  6020 | D:7      | Noticed endorz's ghost (novice GrFi)
  6020 | D:7      | Reached * piety under the Shining One
  6427 | D:8      | Found a flagged portal.
  6460 | Bailey   | Entered a bailey
  6506 | Bailey   | Noticed an orc knight
  6507 | Bailey   | Found an iron altar of Okawaru.
  6507 | Bailey   | Noticed a kobold demonologist
  6507 | Bailey   | Noticed a kobold demonologist
  6518 | Bailey   | Noticed an orange demon
  6525 | Bailey   | Killed a kobold demonologist
  6525 | Bailey   | Reached skill level 9 in Axes
  6533 | Bailey   | Noticed an orange demon
  6534 | Bailey   | Killed a kobold demonologist
  6544 | Bailey   | Killed an orc knight
  7036 | Bailey   | Reached XP level 11. HP: 41/69 MP: 11/11
  7413 | Bailey   | Got a wavering steel ring
  7414 | Bailey   | Identified the ring "Urphesao" {*Slow rElec Str+6 Slay+2
                  | SInv} (You acquired it in a bailey)
  7875 | D:9      | Reached ** piety under the Shining One
  8035 | D:9      | Found a white marble altar of Elyvilon.
  8076 | D:9      | Found a runed translucent gate.
  8091 | D:9      | Reached skill level 10 in Axes
  8190 | D:9      | Found a runed translucent gate.
  8190 | D:9      | Noticed endorz's ghost (novice GrFi)
  8192 | D:9      | Found a runed translucent gate.
  8272 | D:9      | Found a burning altar of Makhleb.
  8336 | D:9      | Reached *** piety under the Shining One
  8368 | D:9      | Noticed a tengu warrior
  8402 | D:9      | Killed a tengu warrior
  8756 | D:10     | Entered Level 10 of the Dungeon
  8955 | D:10     | Noticed a three-headed hydra
  9361 | D:10     | Found a large runed translucent door.
  9361 | D:10     | Found a large runed translucent door.
  9849 | D:11     | Got a fine ruby amulet
  9850 | D:11     | Identified the amulet "Teoczeb" {Faith rC+ rN+ Dex+2} (You
                  | acquired it on level 11 of the Dungeon)
  9976 | D:11     | Noticed an unseen horror
  9984 | D:11     | Killed an unseen horror
  9984 | D:11     | Reached **** piety under the Shining One
  9990 | D:11     | Reached skill level 11 in Axes
  9996 | D:11     | Reached skill level 10 in Armour
  9996 | D:11     | Reached XP level 12. HP: 50/77 MP: 12/12
 10220 | D:11     | Reached skill level 10 in Fighting
 10277 | D:11     | Noticed a two-headed ogre
 10289 | D:11     | Killed a two-headed ogre
 10289 | D:11     | Reached skill level 10 in Shields
 10451 | D:9      | Got a crude buckler
 10452 | D:9      | Identified the +0 buckler of Fun and Games {rElec MR+} (You
                  | found it on level 9 of the Dungeon)
 10711 | D:11     | Found a staircase to the Lair.
 10969 | Lair:1   | Entered Level 1 of the Lair of Beasts
 11631 | Lair:2   | Noticed a death yak
 11633 | Lair:2   | Noticed a death yak
 11635 | Lair:2   | Noticed a death yak
 11640 | Lair:2   | Noticed a death yak
 11640 | Lair:2   | Noticed a death yak
 11663 | Lair:1   | Killed a death yak
 11939 | Lair:1   | Killed a death yak
 11939 | Lair:1   | Reached skill level 12 in Axes
 12322 | Lair:1   | Killed a death yak
 12476 | Lair:1   | Killed a death yak
 12540 | Lair:2   | Killed a death yak
 12540 | Lair:2   | Reached XP level 13. HP: 71/84 MP: 13/13
 12960 | Lair:2   | Found a staircase to the Swamp.
 12986 | Lair:2   | Reached ***** piety under the Shining One
 13021 | Lair:2   | Found a staircase to the Snake Pit.
 13832 | Lair:3   | Reached skill level 13 in Axes
 14954 | Lair:4   | Gained mutation: Your large and strong wings let you fly
                  | indefinitely. [Gargoyle growth]
 14954 | Lair:4   | Reached XP level 14. HP: 52/92 MP: 14/14
 15810 | Lair:5   | Reached skill level 14 in Axes
 16406 | Lair:6   | Entered Level 6 of the Lair of Beasts
 16665 | Lair:6   | Found a runed translucent door.
 16739 | Lair:6   | Noticed Urug
 16749 | Lair:6   | Killed Urug
 16751 | Lair:6   | Found a viscous altar of Jiyva.
 16752 | Lair:6   | Found a staircase to the Slime Pits.
 17462 | Lair:6   | Noticed Fashaeth's ghost (adept VSFi)
 17500 | Lair:6   | Killed Fashaeth's ghost
 17500 | Lair:6   | Reached XP level 15. HP: 63/98 MP: 15/15
 18133 | Lair:6   | Reached ****** piety under the Shining One
 18139 | Lair:6   | Reached skill level 15 in Axes
 18326 | D:11     | Identified a +5 broad axe of holy wrath (a +3 broad axe
                  | blessed by the Shining One)
 18326 | D:11     | Received a gift from the Shining One
 18413 | D:12     | Found a staircase to the Orcish Mines.
 18568 | D:12     | Noticed Azrael
 18587 | D:12     | Killed Azrael
 18747 | D:12     | Found a hide-covered altar of Uskayaw.
 18960 | D:12     | Found a roughly hewn altar of Beogh.
 19324 | D:13     | Found a shimmering altar of Xom.
 19324 | D:13     | Found a shimmering altar of Xom.
 19325 | D:13     | Found a shimmering altar of Xom.
 19325 | D:13     | Found a shimmering altar of Xom.
 19325 | D:13     | Found a shimmering altar of Xom.
 19325 | D:13     | Found a shimmering altar of Xom.
 19341 | D:13     | Found a shimmering altar of Xom.
 19845 | D:13     | Reached skill level 1 in Invocations
 19886 | D:13     | Found a basalt altar of Yredelemnul.
 19897 | D:13     | Got a pitted plate armour
 20199 | D:13     | Noticed a ghost moth
 20477 | D:14     | Found a portal to a secret trove of treasure.
 20536 | D:14     | Reached XP level 16. HP: 82/105 MP: 17/17
 20937 | D:14     | Reached skill level 16 in Axes
 21059 | D:14     | Found an ornate altar of the Wu Jian Council.
 21060 | D:14     | Found a white marble altar of Elyvilon.
 21061 | D:14     | Found a hazy altar of Hepliaklqana.
 21061 | D:14     | Found a sparkling altar of Nemelex Xobeh.
 21126 | D:14     | Found a runed translucent gate.
 21126 | D:14     | Found a runed translucent gate.
 21126 | D:14     | Found a runed translucent gate.
 21244 | D:14     | Found a gate to the Vaults.
 21449 | D:14     | Noticed lyphon's ghost (journeyman HOFi)
 21483 | D:14     | Killed lyphon's ghost
 21508 | D:14     | Got the ring of Lies {Fire}
 21565 | D:15     | Entered Level 15 of the Dungeon
 21802 | D:15     | Reached skill level 5 in Invocations
 21941 | D:15     | Identified Roxanne's Disquisition on Transformation
 21941 | D:15     | Noticed Roxanne
 22126 | D:15     | Found a staircase to the Depths.
 22579 | Swamp:1  | Entered Level 1 of the Swamp
 22613 | Swamp:1  | Noticed a tentacled monstrosity
 22622 | Swamp:1  | Killed a tentacled monstrosity
 22622 | Swamp:1  | Reached XP level 17. HP: 112/112 MP: 21/21
 22838 | Swamp:1  | Got a pair of shimmering gloves
 23073 | Swamp:1  | Identified the cursed +0 plate armour of Pandemonium {rC+
                  | MR+ Int+4} (You found it on level 13 of the Dungeon)
 23649 | Swamp:2  | Found a runed translucent door.
 23654 | Swamp:2  | Noticed Louise
 23660 | Swamp:2  | Reached skill level 17 in Axes
 23681 | Swamp:2  | Killed Louise
 23700 | Swamp:2  | Identified the +2 pair of gloves of Neazxet {Slay+3} (You
                  | found it on level 1 of the Swamp)
 23743 | Swamp:2  | Identified the Collected Works on Poisonous Enhancements
 23754 | Swamp:2  | You are sucked into a shaft!
 23771 | Swamp:4  | Entered Level 4 of the Swamp
 23936 | Swamp:4  | Reached skill level 15 in Armour
 24195 | Swamp:4  | Reached skill level 15 in Fighting
 24239 | Swamp:4  | Reached skill level 15 in Shields
 24399 | Swamp:4  | Noticed the 27-headed Lernaean hydra
 24413 | Swamp:4  | Killed the 18-headed Lernaean hydra
 24658 | Swamp:4  | Got a decaying rune of Zot
 24710 | Swamp:4  | Reached XP level 18. HP: 98/119 MP: 23/23
 26042 | Snake:1  | Entered Level 1 of the Snake Pit
 26949 | Snake:2  | Found Leumem's General Store.
 26959 | Snake:2  | Bought 2 potions of heal wounds for 140 gold pieces
 26969 | Snake:2  | Noticed Kirke
 26989 | Snake:2  | Killed Kirke
 27127 | Snake:2  | Noticed Vashnia
 27147 | Snake:2  | Killed Vashnia
 27147 | Snake:2  | Reached skill level 18 in Axes
 27349 | Snake:2  | Noticed Saint Roka
 27490 | Snake:2  | Found a deep blue altar of Sif Muna.
 27495 | Snake:2  | Found a transporter.
 27499 | Snake:2  | Identified the ring of the Invisible Hand {rN+ MR+ Int+3
                  | SInv}
 27561 | Snake:2  | Killed Saint Roka
 27567 | Snake:2  | Reached XP level 19. HP: 92/125 MP: 24/26
 27854 | Snake:2  | Found a transporter.
 28226 | Snake:3  | Found Naatiocs's Food Shop.
 28227 | Snake:3  | Found Dabuestre's Food Boutique.
 28227 | Snake:3  | Found Mefrialu's Gadget Shop.
 28233 | Snake:3  | Found Atzoczoo's Armour Boutique.
 28529 | Snake:4  | Entered Level 4 of the Snake Pit
 28616 | Snake:4  | Found an opulent altar of Gozag.
 28761 | Snake:4  | Reached skill level 10 in Invocations
 29433 | Snake:4  | Got a serpentine rune of Zot
 30263 | Orc:1    | Entered Level 1 of the Orcish Mines
 30615 | Orc:2    | Entered Level 2 of the Orcish Mines
 30663 | Orc:2    | Gained mutation: You are robust. (+10% HP) [a neqoxec]
 30684 | Orc:2    | Reached skill level 19 in Axes
 30905 | Orc:2    | Found a staircase to the Elven Halls.
 30914 | Orc:2    | Found a roughly hewn altar of Beogh.
 31128 | Orc:2    | Found Lienid's Food Shop.
 31146 | Orc:2    | Found Ubysony's Food Shoppe.
 31157 | Orc:2    | Reached XP level 20. HP: 113/145 MP: 28/28
 31321 | Orc:2    | Found a roughly hewn altar of Beogh.
 31343 | Orc:2    | Found Odocwaud's General Store.
 31363 | Orc:2    | Bought a scroll of identify for 30 gold pieces
 31363 | Orc:2    | Bought a potion of curing for 45 gold pieces
 31367 | Orc:2    | Found Ubysony's Armour Shoppe.
 31427 | Orc:2    | Found a roughly hewn altar of Beogh.
 31754 | Vaults:1 | Entered Level 1 of the Vaults
 32210 | Vaults:1 | Found Weosaode's Antique Armour Boutique.
 33222 | Vaults:2 | You are sucked into a shaft!
 33789 | Vaults:3 | Reached XP level 21. HP: 141/152 MP: 29/29
 34151 | Vaults:3 | Reached skill level 20 in Axes
 34503 | Vaults:3 | Found Caveaw's Book Shop.
 34511 | Vaults:3 | Bought a manual of Axes for 2428 gold pieces
 34532 | Vaults:3 | Found a staircase to the Crypt.
 34751 | Crypt:1  | Entered Level 1 of the Crypt
 34870 | Crypt:1  | Noticed Jory
 34885 | Crypt:1  | Killed Jory
 34945 | Crypt:1  | Noticed Mara
 34955 | Crypt:1  | Noticed Laan's illusion
 34971 | Crypt:1  | Killed Mara
 35497 | Crypt:2  | Reached XP level 22. HP: 160/160 MP: 31/31
 35558 | Crypt:2  | Found a basalt altar of Yredelemnul.
 35629 | Crypt:2  | Reached skill level 21 in Axes
 36080 | Crypt:3  | Entered Level 3 of the Crypt
 36198 | Crypt:3  | Found a basalt altar of Yredelemnul.
 36415 | Crypt:3  | Found a staircase to the Tomb.
 36574 | Crypt:3  | Identified Sif Muna's Volume of Twisted Earth
 36577 | Crypt:3  | Got a bone war axe
 36578 | Crypt:3  | Identified the +9 war axe of the Lamprey {chop, *Corrode
                  | Str+4} (You found it on level 3 of the Crypt)
 36637 | Crypt:3  | Got a steaming amber ring
 36638 | Crypt:3  | Identified the ring of Light {Ice *Contam rElec rPois
                  | Stlth+} (You found it on level 3 of the Crypt)
 36946 | Crypt:3  | Noticed a profane servitor
 36957 | Crypt:3  | Reached skill level 22 in Axes
 36965 | Crypt:3  | Killed a profane servitor
 37035 | Crypt:3  | Got a bound lapis lazuli ring
 37037 | Crypt:3  | Got a crude marble ring
 37038 | Crypt:3  | Identified the ring of Hoiloi {rPois rN+ MR+} (You found it
                  | on level 3 of the Crypt)
 37040 | Crypt:3  | Identified the ring "Femufa" {*Slow rElec rN+ MR+ Dex+3}
                  | (You found it on level 3 of the Crypt)
 37439 | Vaults:2 | Reached XP level 23. HP: 167/168 MP: 33/33
 37582 | Vaults:2 | Found a runed translucent gate.
 37600 | Vaults:2 | Found a runed translucent gate.
 37601 | Vaults:2 | Found a runed translucent gate.
 37601 | Vaults:2 | Identified the cursed +2 morningstar of the Yoke
                  | {antimagic, +Rage rPois rF- SInv}
 37601 | Vaults:2 | Identified the +2 chain mail of Misanthropy {rN+}
 37602 | Vaults:2 | Noticed Infinimo's ghost (adept GrBe)
 37604 | Vaults:2 | Identified the +12 triple sword "Ezotebli" {drain, rElec
                  | rPois MR- Dex+5}
 37615 | Vaults:2 | Found a roughly hewn altar of Beogh.
 38576 | Vaults:2 | Killed Infinimo's ghost
 38990 | Depths:1 | Entered Level 1 of the Depths
 38998 | Depths:1 | Found a gateway to a ziggurat.
 39072 | Depths:1 | Found a gateway to Hell.
 39533 | Depths:1 | Found a runed translucent door.
 39581 | Depths:1 | Identified the Volume of Quantum Augmentations
 39588 | Depths:1 | Got a faintly humming cloak
 39589 | Depths:1 | Identified the +1 cloak "Bekhemn" {rC++} (You found it on
                  | level 1 of the Depths)
 40005 | Depths:2 | Reached skill level 23 in Axes
 40009 | Depths:2 | Reached XP level 24. HP: 176/176 MP: 34/34
 40678 | Depths:2 | You are sucked into a shaft!
 40685 | Depths:3 | Reached skill level 15 in Invocations
 40814 | Depths:3 | Got a brightly glowing wooden ring
 40815 | Depths:3 | Identified the ring "Xybben Wifa" {Ice MR+ MP+9 Dex+2 SInv}
                  | (You acquired it on level 3 of the Depths)
 41293 | Depths:3 | Found a one-way gate leading to the halls of Pandemonium.
 42033 | Depths:2 | Reached skill level 24 in Axes
 42348 | Depths:4 | Found the +4 robe of Augmentation {Str+4 Int+4 Dex+4}
 42444 | Depths:4 | Found a one-way gate to the infinite horrors of the Abyss.
 42505 | Depths:4 | Noticed a caustic shrike
 42518 | Depths:4 | Killed a caustic shrike
 43106 | Depths:5 | Entered Level 5 of the Depths
 43106 | Depths:5 | Found a magical portal.
 43125 | Depths:5 | Reached XP level 25. HP: 184/184 MP: 34/34
 43250 | Depths:5 | Found a huge runed gate.
 43250 | Depths:5 | Found a huge runed gate.
 43250 | Depths:5 | Found a huge runed gate.
 43250 | Depths:5 | Found a huge runed gate.
 43250 | Depths:5 | Found a huge runed gate.
 43250 | Depths:5 | Found a huge runed gate.
 43250 | Depths:5 | Found a huge runed gate.
 43250 | Depths:5 | Found a huge runed gate.
 43302 | Depths:5 | Found a huge runed gate.
 43313 | Depths:5 | Found a huge runed gate.
 43313 | Depths:5 | Found a huge runed gate.
 43313 | Depths:5 | Found a huge runed gate.
 43313 | Depths:5 | Found a huge runed gate.
 43313 | Depths:5 | Found a huge runed gate.
 43313 | Depths:5 | Found a huge runed gate.
 43313 | Depths:5 | Found a huge runed gate.
 43314 | Depths:5 | Found a huge runed gate.
 43663 | Depths:5 | Found a gate to the Realm of Zot.
 43945 | Depths:5 | Found a huge runed gate.
 43945 | Depths:5 | Found a huge runed gate.
 43945 | Depths:5 | Found a huge runed gate.
 43945 | Depths:5 | Found a huge runed gate.
 43945 | Depths:5 | Found a huge runed gate.
 43945 | Depths:5 | Found a huge runed gate.
 43945 | Depths:5 | Found a huge runed gate.
 43971 | Depths:5 | Found a huge runed gate.
 43972 | Depths:5 | Found a huge runed gate.
 43972 | Depths:5 | Found a huge runed gate.
 43978 | Depths:5 | Found a huge runed gate.
 44059 | Depths:5 | Found a huge runed gate.
 44060 | Depths:5 | Found a huge runed gate.
 44061 | Depths:5 | Found a huge runed gate.
 45069 | Vaults:4 | Reached skill level 25 in Axes
 45381 | Vaults:4 | Reached XP level 26. HP: 189/192 MP: 35/35
 45577 | Vaults:4 | Found a glowing silver altar of Zin.
 45852 | Vaults:4 | Got a slimy chain mail
 45853 | Vaults:4 | Identified the cursed +1 chain mail "Sosh" {rN+} (You found
                  | it on level 4 of the Vaults)
 45942 | Vaults:5 | Entered Level 5 of the Vaults
 46415 | Vaults:5 | Identified the +2 flail of the Pyrrhic Victory {freeze,
                  | rPois}
 46522 | Vaults:5 | Found the +0 pair of fencer's gloves {Riposte Dex+3}
 46595 | Vaults:5 | Cast into level 3 of the Abyss (a lich)
 46738 | Vaults:5 | Escaped the Abyss
 46787 | Vaults:5 | Reached XP level 27. HP: 186/199 MP: 35/35
 47512 | Vaults:5 | Found the +10 morningstar "Eos" {elec, Halo rElec}
 47518 | Vaults:5 | Identified Seveed's Catalogue of Talismans and Lightness
 47680 | Vaults:5 | Got a silver rune of Zot
 47705 | Vaults:5 | Identified the Catalogue of Augmentations and Summoning
 48022 | Hell     | Entered the Vestibule of Hell
 48022 | Hell     | Noticed Geryon
 48040 | Hell     | Killed Geryon
 48167 | Hell     | Found a gateway to the decaying netherworld of Tartarus.
 48326 | Hell     | Found a gateway to the Iron City of Dis.
 48374 | Hell     | Found a gateway to the ashen valley of Gehenna.
 48505 | Hell     | Found a gateway to the freezing wastes of Cocytus.
 48629 | Dis:1    | Entered Level 1 of the Iron City of Dis
 50732 | Dis:3    | Noticed a greater mummy
 50734 | Dis:3    | Noticed a greater mummy
 50734 | Dis:3    | Noticed a greater mummy
 50739 | Dis:3    | Noticed a greater mummy
 50741 | Dis:3    | Noticed a greater mummy
 50743 | Dis:3    | Killed a greater mummy
 50746 | Dis:3    | Killed a greater mummy
 50751 | Dis:3    | Killed a greater mummy
 50753 | Dis:3    | Killed a greater mummy
 50753 | Dis:3    | Noticed a greater mummy
 50754 | Dis:3    | Killed a greater mummy
 50757 | Dis:3    | Noticed a greater mummy
 50771 | Dis:3    | Killed a greater mummy
 50775 | Dis:3    | Killed a greater mummy
 50803 | Dis:3    | Killed from afar by a Hell Sentinel

Skill      XL: |  1  2  3  4  5  6  7  8  9 10 11 12 13 14 15 16 17 18 19 20 21 22 23 24 25 26 27 |
---------------+----------------------------------------------------------------------------------+-----
Axes           | 2 3 4 5 6 8 9 11 12 13 14 15 16 17 18 19 20 22 23 24 25 | 25.9
Fighting       | 4 5 6 7 8 9 11 12 13 14 15 16 17 18 19 20 22 | 22.5
Armour         | 4 5 6 7 8 10 11 12 13 14 15 16 17 18 19 20 22 | 22.4
Shields        | 4 5 6 7 8 9 11 12 13 14 15 16 17 18 19 20 23 | 23.5
Invocations    | 2 5 7 9 10 11 12 13 14 15 16 17 19 | 19.4

Action                   |  1- 3 |  4- 6 |  7- 9 | 10-12 | 13-15 | 16-18 | 19-21 | 22-24 | 25-27 || total
-------------------------+-------+-------+-------+-------+-------+-------+-------+-------+-------++-------
Melee: War axe           |    60 |   218 |   477 |    99 |   645 |   292 |       |       |       ||  1791
       Broad axe         |       |       |       |   663 |   456 |   831 |  1234 |  1417 |  1613 ||  6214
Throw: Tomahawk          |       |       |     8 |       |       |       |       |       |       ||     8
Invok: Brand Weapon With |       |       |       |       |     1 |       |       |       |       ||     1
       Divine Shield     |       |       |       |       |       |     1 |       |       |       ||     1
       Cleansing Flame   |       |       |       |       |       |       |       |       |     3 ||     3
       Summon Divine War |       |       |       |       |       |       |       |       |     1 ||     1
 Abil: Fly               |       |       |       |       |     1 |       |       |       |       ||     1
Evoke: Wand              |       |       |     3 |    20 |       |       |       |       |       ||    23
  Use: Scroll            |     1 |       |     1 |    25 |    12 |    18 |     7 |    17 |     5 ||    86
       Potion            |       |     1 |     3 |     3 |     1 |     3 |     2 |       |     4 ||    17
  Eat: Chunk             |       |     7 |     7 |    18 |    27 |    11 |    13 |    14 |    11 ||   108
       Ration            |       |       |     1 |     2 |       |     4 |     4 |     5 |     4 ||    20
Armor: Scale mail        |    34 |    52 |       |       |       |       |       |       |       ||    86
       Plate armour      |       |    53 |   290 |    58 |    29 |   501 |   291 |   336 |       ||  1558
       Chain mail        |       |       |       |   237 |   277 |       |       |       |       ||   514
       Gold dragon scale |       |       |       |       |       |       |       |     5 |   597 ||   602
Dodge: Dodged            |    16 |    25 |    27 |    64 |   109 |   115 |    59 |   117 |   149 ||   681
Block: Shield            |    29 |    98 |       |       |       |       |       |       |       ||   127
       Reflection        |       |     7 |    15 |    15 |    41 |   100 |   179 |    46 |    93 ||   496
       Large shield      |       |   117 |   511 |   851 |  1259 |  1561 |  1408 |  1532 |  1936 ||  9175
